AoeStats
← 文風

Lombardia

509884193Analyzed
4v4 RM · 3d ago on Sep 28, 2026· 35m 51s· 8 players
Game mode
Random Map
Map size
Large (8 player)
Population
200
Speed
Normal
Resources
Standard
Victory
Conquest
Starting age
Dark Age
Ending age
Imperial Age
RankedLock teamsTeams togetherTeam positionsShared explorationLock speedFull tech treeHidden civsTurbo modeCheats
Victory
Defeat
🇹🇼 Danes · Taiwan
1496
+16
🇹🇼 Georgians · Taiwan
1484
+16
🇨🇳 Cumans · China
1470
+17
🇹🇼 Khmer · Taiwan
1468
+17
🇭🇰 Mongols · Hong Kong SAR China
1509
-17
🇭🇰 Lithuanians · Hong Kong SAR China
1491
-17
🇭🇰 Britons · Hong Kong SAR China
1491
-17
🇭🇰 Goths · Hong Kong SAR China
1450
-15
經典永不退流行
2:35 Loom
11:25 Feudal Age
15:55 Castle Age
17:29 Horse Collar
17:36 Double-Bit Axe
23:00 Wheelbarrow
24:11 Heavy Plow
25:41 Scale Mail Armor
25:51 Gold Mining
27:26 Chain Mail Armor
27:22 Forging
27:37 Stone Mining
28:13 Arson
31:58 Imperial Age
30:16 Bow Saw
31:18 Iron Casting
30:54 Squires
30:40 Gambesons
30:38 Hamask
33:16 Stone Shaft Mining
33:12 Conscription
33:23 Elite Jomsviking
34:53 Plate Mail Armor
36:17 Blast Furnace
35:33 Elite Varangian Guard
芝麻開門
11:36 Feudal Age
13:45 Loom
16:24 Castle Age
14:12 Double-Bit Axe
14:53 Horse Collar
15:06 Gold Mining
15:39 Loom
17:32 Bow Saw
19:33 Wheelbarrow
18:44 Loom
22:40 Loom
24:58 Hand Cart
24:29 Town Watch
26:12 Heavy Plow
29:21 Imperial Age
28:51 Scale Mail Armor
29:02 Forging
28:59 Svan Towers
28:58 Fletching
29:08 Padded Archer Armor
29:02 Pikeman
29:42 Squires
29:28 Arson
30:07 Guard Tower
30:38 Ballistics
30:14 Murder Holes
30:53 Chain Mail Armor
31:14 Iron Casting
30:30 Gambesons
31:06 Capped Ram
32:03 Arrowslits
32:00 Treadmill Crane
32:13 Halberdier
34:15 Bodkin Arrow
34:35 Leather Archer Armor
35:18 Bracer
soundness27
10:36 Feudal Age
13:59 Castle Age
12:10 Double-Bit Axe
12:10 Horse Collar
16:05 Bow Saw
20:16 Loom
21:06 Wheelbarrow
21:05 Heavy Plow
23:57 Town Watch
24:29 Hand Cart
25:45 Gold Mining
29:01 Imperial Age
28:15 Scale Barding Armor
28:21 Forging
28:46 Husbandry
28:57 Bloodlines
30:02 Gold Shaft Mining
29:59 Chain Barding Armor
29:16 Elite Battle Elephant
31:09 Conscription
31:03 Tusk Swords
32:28 Plate Barding Armor
33:11 Iron Casting
NorthOrigin
6:00 Loom
8:31 Feudal Age
9:53 Double-Bit Axe
12:24 Horse Collar
18:30 Wheelbarrow
22:03 Castle Age
21:13 Fletching
21:18 Stone Mining
22:54 Bodkin Arrow
27:57 Imperial Age
25:37 Gold Mining
25:44 Capped Ram
27:26 Bow Saw
27:38 Bloodlines
29:05 Conscription
29:48 Chemistry
30:06 Parthian Tactics
29:44 Padded Archer Armor
30:52 Ballistics
31:12 Leather Archer Armor
32:44 Ring Archer Armor
33:44 Thumb Ring
34:47 Siege Ram
LinG寶寶
6:30 Loom
9:00 Feudal Age
10:55 Double-Bit Axe
11:44 Horse Collar
17:05 Wheelbarrow
19:45 Castle Age
20:44 Bow Saw
21:07 Gold Mining
21:08 Stone Mining
23:26 Hand Cart
29:19 Fletching
29:29 Padded Archer Armor
29:41 Bloodlines
29:32 Husbandry
29:57 Bodkin Arrow
32:52 Imperial Age
31:15 Gold Shaft Mining
31:16 Ballistics
31:11 Thumb Ring
33:01 Elite Mangudai
35:12 Bracer
36:14 Chemistry
專業送分員
8:44 Loom
10:56 Feudal Age
12:31 Wheelbarrow
12:33 Double-Bit Axe
13:09 Horse Collar
15:31 Castle Age
17:09 Bow Saw
24:22 Heavy Plow
25:39 Hand Cart
25:29 Gold Mining
30:15 Imperial Age
28:22 Scale Mail Armor
28:32 Forging
28:42 Squires
28:04 Man-at-Arms
28:58 Anarchy
28:31 Pikeman
29:50 Chain Mail Armor
29:22 Long Swordsman
31:15 Iron Casting
30:35 Halberdier
屌炸天
10:48 Feudal Age
15:33 Castle Age
14:14 Double-Bit Axe
17:10 Bow Saw
17:29 Horse Collar
20:28 Gold Mining
23:53 Crossbowman
25:59 Fletching
27:07 Loom
28:22 Padded Archer Armor
28:19 Bodkin Arrow
28:25 Padded Archer Armor
29:32 Wheelbarrow
29:54 Ballistics
33:20 Imperial Age
32:18 Squires
32:36 Leather Archer Armor
33:25 Yeomen
34:24 Gold Shaft Mining
33:34 Pikeman
33:59 Arbalester
文風
2:23 Loom
10:52 Feudal Age
12:26 Double-Bit Axe
14:49 Castle Age
16:07 Bow Saw
19:41 Wheelbarrow
22:43 Horse Collar
28:56 Loom
31:13 Pikeman
31:53 Squires
Connection lost

Rejoining the realm…

Still unreachable

The connection could not be restored.

Session expired

The server has moved on; the page needs a fresh start.